 Dungeon Crawl Stone Soup version 0.28.0-43-g3370ac3207 (webtiles) character file.

Game seed: 5604959836498300710

1975 rel the Cudgeller (level 9, -4/89 HPs)
             Began as a Troll Berserker on Mar 23, 2022.
             Was an Elder of Trog.
             Slain by an orc warrior
             ... wielding a +0 glaive
              (12 damage)
             ... on level 6 of the Dungeon.
             The game lasted 00:28:20 (4435 turns).

rel the Cudgeller (Troll Berserker)                 Turns: 4435, Time: 00:28:21

Health: -4/89      AC:  5    Str: 27    XL:     9   Next: 0%
Magic:  8/8        EV: 10    Int:  7    God:    Trog [****..]
Gold:   399        SH:  0    Dex:  9    Spells: 8/8 levels left

rFire   . . .      SeeInvis .   o - +0 giant spiked club (protect)
rCold   . . .      Faith    .   (shield currently unavailable)
rNeg    + . .      Spirit   .   v - +1 robe
rPois   .          Reflect  +   (helmet restricted)
rElec   .          Harm     .   (no cloak)
rCorr   .          Rampage  .   (gloves unavailable)
Will    .....                   (boots unavailable)
Stlth   +.........              i - amulet of reflection
HPRegen 1.04/turn               j - ring of positive energy
MPRegen 0.11/turn               (no ring)

@: confused, on berserk cooldown, slowed, very slow
A: large, unfitting armour, claws 3, regeneration 1, shaggy fur 1, tough skin 1
a: Renounce Religion, Berserk, Trog's Hand, Brothers in Arms


You were on level 6 of the Dungeon.
You worshipped Trog.
Trog was greatly pleased with you.
You visited 1 branch of the dungeon, and saw 6 of its levels.
You also visited: Sewer.

You collected 399 gold pieces.

Inventory:

Hand Weapons
 a - a +0 flail
 o - a +0 giant spiked club of protection (weapon)
Armour
 v - a +1 robe (worn)
Jewellery
 i - an amulet of reflection (around neck)
 j - a ring of positive energy (left claw)
Scrolls
 c - 6 scrolls of identify
 d - a scroll of teleportation
 f - a scroll of enchant armour
 g - a scroll of fog {unknown}
 l - a scroll of brand weapon
 p - a scroll of immolation {unknown}
 q - a scroll of blinking {unknown}
 t - a scroll of summoning {unknown}
 u - a scroll of enchant weapon {unknown}
Potions
 b - a potion of degeneration {unknown}
 e - a potion of might {unknown}
 h - a potion of cancellation
 k - 4 potions of curing
 m - a potion of heal wounds {unknown}
 r - 2 potions of magic {unknown}
 s - 2 potions of lignification {unknown}


   Skills:
 * Level 6.2 Fighting
 + Level 7.3 Maces & Flails
 * Level 4.6 Dodging
 + Level 0.4 Stealth
 + Level 2.4 Shields


You had 8 spell levels left.
You didn't know any spells.
Your spell library was empty.

Dungeon Overview and Level Annotations

Branches:
Dungeon (6/15)             Temple (0/1) D:5           Sewer (visited)

Altars:
Ashenzari
Cheibriados
Elyvilon
Fedhas
Okawaru
Qazlal
Vehumet
Wu Jian
Yredelemnul

Annotations:
D:6 Maggie


Innate Abilities, Weirdness & Mutations

You are too large for most types of armour.
You have claws for hands.
Your natural rate of healing is unusually fast.
You are covered in fur. (AC +1)
You have tough skin. (AC +1)


Message History

You hear some strange, mumbled words.
The orc warrior hits you from afar with a +0 glaive!
You hear some strange, mumbled words.
A puff of flame appears from out of thin air!
The puff of flame misses you.
It was a potion of cancellation.
You feel magically purged.
You feel sick. The orc warrior barely misses you.
Okay, then.
You feel better.
The orc warrior hits you from afar with a +0 glaive!!
* * * LOW HITPOINT WARNING * * *
Something hits you.
* * * LOW HITPOINT WARNING * * *
A red film seems to cover your vision as you go berserk!
You feel yourself moving faster!
You feel mighty! You block the orc warrior's attack.
You hear some strange, mumbled words.
You are confused.
You closely miss something.
The orc warrior hits you from afar with a +0 glaive!
* * * LOW HITPOINT WARNING * * *
Something hits you but does no damage.
You're too confused to move!
The orc warrior hits you from afar with a +0 glaive.
* * * LOW HITPOINT WARNING * * *
You bump into the rock wall.
You feel a strong urge to attack something.
Something hits you.
* * * LOW HITPOINT WARNING * * *
You bump into the rock wall.
The orc warrior hits you from afar with a +0 glaive!
* * * LOW HITPOINT WARNING * * *
Something hits you but does no damage.
You bump into the rock wall.
You feel your anger nearly subside.
You are no longer berserk.
You are exhausted.
You feel yourself slow down.
You closely miss something.
The orc warrior hits you from afar with a +0 glaive!
You die...

#.....##............##....
#....#................#...
#.....................[...
#.........#..#.#....######
#..<........##....#.#
#.......########..#.# ####
#.<.....'o{.......#.# #...
#.......#.#.##.#..#.###.##
#.>.....#@#.##.#..#.....#.
#.......#+#.##.#........#.
######...........##...###.####.
#...........#....########.# ##
#...........#)(.## #....# #
###...........#...# #.#### #
....♣♣♣♣♣.....#...#### #.# ..#
###♣♣♣♣♣♣♣♣....#####.# #.# ...
##≈≈≈≈♣≈P≈♣†...#####.###.# ...


You could see an orc warrior.

Vanquished Creatures
  A troll (D:5)
  An ice beast (D:6)
  2 black bears
  2 necrophages
  2 ogres
  A centaur (D:5)
  A phantom (D:6)
  2 kobold brigands (Sewer)
  A bullfrog (D:6)
  A scorpion (D:6)
  A water moccasin skeleton (D:5)
  2 electric eels (D:6)
  A howler monkey (D:4)
  2 hounds
  A bullfrog skeleton (D:6)
  An orc priest (D:4)
  2 iguanas
  2 orc wizards
  2 hound skeletons
  3 gnolls (D:4)
  A river rat (Sewer)
  16 adders
  A white imp (D:5)
  6 worms
  A dart slug (D:1)
  22 orcs
  11 ball pythons
  2 bats
  8 endoplasms
  3 giant cockroaches
  6 goblins
  7 hobgoblins
  20 jackals
  14 kobolds
  2 quokkas
  A ball python zombie (D:3)
  2 frilled lizards
  10 rats
164 creatures vanquished.

Vanquished Creatures (others)
  A fungus (D:4)
  9 plants
10 creatures vanquished.

Grand Total: 174 creatures vanquished

Notes
Turn   | Place    | Note
-------+----------+-------------------------------------------
     0 | D:1      | rel the Troll Berserker began the quest for the Orb.
     0 | D:1      | Reached XP level 1. HP: 22/22 MP: 0/0
    77 | D:1      | Found a faded altar of an unknown god.
   135 | D:1      | Reached XP level 2. HP: 29/29 MP: 1/1
   421 | D:2      | Reached ** piety under Trog
   435 | D:2      | HP: 1/46 [worm (10)]
   437 | D:2      | Reached XP level 3. HP: 2/37 MP: 2/2
   545 | D:2      | Reached skill level 3 in Maces & Flails
  1030 | D:3      | Reached XP level 4. HP: 30/45 MP: 3/3
  1809 | D:4      | Reached skill level 4 in Maces & Flails
  1822 | D:4      | Reached XP level 5. HP: 20/53 MP: 4/4
  1961 | D:4      | Noticed a necrophage
  1965 | D:4      | Found a stormy altar of Qazlal.
  1969 | D:4      | Killed a necrophage
  1970 | D:4      | Reached XP level 6. HP: 62/62 MP: 5/5
  2171 | D:4      | Reached *** piety under Trog
  2317 | D:4      | Reached skill level 5 in Maces & Flails
  2569 | D:5      | Entered Level 5 of the Dungeon
  2584 | D:5      | Reached skill level 1 in Shields
  2584 | D:5      | Reached XP level 7. HP: 60/68 MP: 6/6
  2613 | D:5      | Found a glowing drain.
  2639 | Sewer    | Entered a sewer
  3200 | D:5      | Found a basalt altar of Yredelemnul.
  3218 | D:5      | Reached skill level 6 in Maces & Flails
  3226 | D:5      | Reached skill level 5 in Fighting
  3310 | D:5      | Noticed a troll
  3316 | D:5      | Reached XP level 8. HP: 62/80 MP: 7/7
  3319 | D:5      | Killed a troll
  3534 | D:5      | Reached **** piety under Trog
  3580 | D:5      | Found an iron altar of Okawaru.
  3589 | D:5      | Found an ornate altar of the Wu Jian Council.
  3638 | D:5      | Found a staircase to the Ecumenical Temple.
  3759 | D:5      | Found a broken altar of Ashenzari.
  3764 | D:5      | Found a radiant altar of Vehumet.
  3764 | D:5      | Found a snail-covered altar of Cheibriados.
  3771 | D:5      | Found a white marble altar of Elyvilon.
  3999 | D:6      | Reached skill level 7 in Maces & Flails
  4070 | D:6      | Found a blossoming altar of Fedhas.
  4304 | D:6      | Reached XP level 9. HP: 65/89 MP: 8/8
  4369 | D:6      | Noticed Maggie
  4435 | D:6      | Slain by an orc warrior

Illustrated notes

Levels and vault maps discovered:
D:1:      evilmike_arrival_rings, layout_basic,
          shapermc_ecumenical_altar_mp_ritualfount,
          chequers_serial_rivers_large_b, st_stairs_9, hex_medium,
          minmay_statues_item
D:2:      layout_rooms
D:3:      minmay_chambers_of_twos, layout_basic
D:4:      lemuel_castle_with_subvaults [lemuel_castle_interior_original],
          layout_loops_ring, nicolae_qazlal_scattered_showers,
          hangedman_decor_lopped
D:5:      layout_rooms, mainiacjoe_overflow_swirl,
          nicolae_overflow_hallway_of_the_gods,
          minmay_temple_entry_enclosed_plants, cheibrodos_sewer_entry_sluice
D:6:      layout_basic, mainiacjoe_overflow_alcove_1,
          minmay_misc_feat_secret_circle, serial_bayou_ford_a, uniq_maggie

Skill      XL: |  1  2  3  4  5  6  7  8 |
---------------+-------------------------+-----
Fighting       | 3 4 5 6 |  6.2
Maces & Flails | 3 4 5 6 7 |  7.3
Dodging        | 3 4 |  4.6
Shields        | 1 2 |  2.4
Stealth        | |  0.4

Action                   |  1- 3 |  4- 6 |  7- 9 || total
-------------------------+-------+-------+-------++-------
Melee: Mace              |   131 |    78 |       ||   209
       Punch             |       |     5 |       ||     5
       Morningstar       |       |    95 |       ||    95
       Giant spiked club |       |    45 |   318 ||   363
Invok: Berserk           |     2 |     2 |     3 ||     7
  Use: Scroll            |       |       |     6 ||     6
       Potion            |       |       |     3 ||     3
Armor: Animal skin       |    49 |    73 |    95 ||   217
       Robe              |       |       |    63 ||    63
Dodge: Dodged            |    65 |   110 |   234 ||   409
Block: Other             |       |    39 |   114 ||   153
       Reflection        |       |       |     1 ||     1
